 Dungeon Sprint DCSS version 0.29-a0-559-g359e09b9d1 (webtiles) character file.

Game seed: 6730165849178880741

975 Strat the Severer (level 7, -2/70 HPs)
             Began as a Minotaur Gladiator on June 10, 2022.
             Was an Initiate of Okawaru.
             Slain by a deep troll (9 damage)
             ... in the Dungeon (Sprint I: "Red Sonja").
             The game lasted 00:03:35 (786 turns).

Strat the Severer (Minotaur Gladiator)               Turns: 786, Time: 00:03:35

Health: -2/70      AC:  5    Str: 21    XL:     7   Next: 95%
Magic:  4/6        EV: 14    Int:  5    God:    Okawaru [......]
Gold:   405        SH:  0    Dex: 11    Spells: 6/6 levels left

rFire   . . .      SeeInvis .   a - +0 war axe
rCold   . . .      Faith    .   (no shield)
rNeg    . . .      Spirit   .   b - +0 leather armour
rPois   .          Reflect  .   c - +0 hat
rElec   .          Harm     .   (no cloak)
rCorr   .          Rampage  .   (no gloves)
Will    .....      NoTele   +   (no boots)
Stlth   ++........              (no amulet)
HPRegen 0.21/turn               (no ring)
MPRegen 0.10/turn               (no ring)

@: heroic
A: horns 2, retaliatory headbutt
a: Renounce Religion


You were in the Dungeon.
You worshipped Okawaru.
Okawaru was noncommittal.
You visited 1 branch You collected 405 gold pieces.

Inventory:

Hand Weapons
 a - a +0 war axe (weapon)
Missiles
 e - a javelin (quivered)
Armour
 b - a +0 leather armour (worn)
 c - a +0 hat (worn)
Wands
 l - a wand of flame (10)
Scrolls
 k - a scroll of blinking
Potions
 d - a potion of lignification {unknown}
 f - 2 potions of curing
 g - a potion of heal wounds
 i - 2 potions of magic


   Skills:
 + Level 9.1(14.1) Fighting
 - Level 16.0(21.0) Axes
 - Level 2.0(7.0) Throwing
 - Level 10.0(15.0) Armour
 - Level 3.2(8.2) Dodging
 + Level 1.1 Invocations


You had 6 spell levels left.
You didn't know any spells.
Your spell library was empty.

Dungeon Overview and Level Annotations

Branches:
Dungeon (1/1)

Altars:
Cheibriados
Dithmenos
Elyvilon
Fedhas
Gozag
Hepliaklqana
Kikubaaqudgha
Nemelex Xobeh
Okawaru
Qazlal
Ru
Sif Muna
Trog
Uskayaw
Vehumet
Wu Jian
Yredelemnul
Zin
The Shining One

Shops:
D =


Innate Abilities, Weirdness & Mutations

You have a pair of horns on your head.
You reflexively headbutt those who attack you in melee.


Message History

You start resting.
HP restored.
As you open the door, it creaks loudly!
There is an open door here.
There is an open door here.
You open the door.
A deep troll comes into view.
The deep troll shouts!
Found 108 gold pieces.
There is an open door, spattered with blood here.
Things that are here:
a +1 short sword of distortion; 4 curare-tipped darts
There is an open door here.
There is an open door, spattered with blood here.
Okay, then.
Okay, then.
You hit the deep troll.
The deep troll is lightly wounded.
The deep troll closely misses you. The deep troll claws you!
The deep troll claws you but does no damage.
You gain the combat prowess of a mighty hero.
You can no longer gain great but temporary skills.
The deep troll completely misses you. The deep troll claws you!
* * * LOW HITPOINT WARNING * * *
The deep troll claws you!
* * * LOW HITPOINT WARNING * * *
You hit the deep troll. You headbutt the deep troll!
The deep troll is moderately wounded.
The deep troll bites you.
* * * LOW HITPOINT WARNING * * *
The deep troll closely misses you. The deep troll claws you!
* * * LOW HITPOINT WARNING * * *
You slash the deep troll! You headbutt the deep troll!
The deep troll is heavily wounded.
You hit the deep troll.
The deep troll is heavily wounded.
The deep troll bites you.
* * * LOW HITPOINT WARNING * * *
The deep troll claws you!
You die...

################
#<.#..').#..'..#
#..').#..').#..+
#..#####'#####'#
#..####..#...#(#
#..#__####..##.#
#..#_____##'#_.+
#⌠⌠#_.∩...@..._#
####_..__##T.#+#
#_____###)#
##########.####+###
........'...'T$.$$+
#++++####...#######
##.## #+#


You could see a deep troll.

Vanquished Creatures
  Sonja (D)
  Sigmund (D)
  A yak (D)
  An ogre (D)
  A jelly (D)
  Ijyb (D)
6 creatures vanquished.

Notes
Turn   | Place    | Note
-------+----------+-------------------------------------------
     0 | D        | Strat the Minotaur Gladiator began the quest for the Orb.
     0 | D        | Reached XP level 1. HP: 18/18 MP: 0/0
     4 | D        | Noticed Ijyb
    12 | D        | Killed Ijyb
    13 | D        | Reached skill level 6 in Axes
    13 | D        | Reached XP level 2. HP: 21/28 MP: 1/1
    88 | D        | Noticed an ogre
    94 | D        | Killed an ogre
    95 | D        | Reached skill level 9 in Axes
    95 | D        | Reached XP level 3. HP: 38/38 MP: 2/2
    95 | D        | Reached XP level 4. HP: 45/45 MP: 3/3
   108 | D        | Noticed Sigmund
   116 | D        | Killed Sigmund
   117 | D        | Reached skill level 12 in Axes
   117 | D        | Reached XP level 5. HP: 43/56 MP: 4/4
   117 | D        | Reached XP level 6. HP: 48/62 MP: 5/5
   198 | D        | Found a shimmering blue altar of Sif Muna.
   199 | D        | Found an ornate altar of the Wu Jian Council.
   212 | D        | Reached skill level 1 in Armour
   356 | D        | Found a radiant altar of Vehumet.
   383 | D        | Found Jimomp's Jewellery Emporium.
   383 | D        | Found an ancient bone altar of Kikubaaqudgha.
   383 | D        | Found a hazy altar of Hepliaklqana.
   383 | D        | Found a stormy altar of Qazlal.
   383 | D        | Found a hide-covered altar of Uskayaw.
   383 | D        | Found a blossoming altar of Fedhas.
   383 | D        | Found a bloodstained altar of Trog.
   383 | D        | Found an iron altar of Okawaru.
   383 | D        | Found a basalt altar of Yredelemnul.
   383 | D        | Found a glowing golden altar of the Shining One.
   383 | D        | Found a snail-covered altar of Cheibriados.
   383 | D        | Found a sacrificial altar of Ru.
   383 | D        | Found a glowing silver altar of Zin.
   383 | D        | Found a shadowy altar of Dithmenos.
   383 | D        | Found a white marble altar of Elyvilon.
   383 | D        | Noticed a yak
   390 | D        | Killed a yak
   391 | D        | Reached skill level 14 in Axes
   391 | D        | Found an opulent altar of Gozag.
   392 | D        | Found a sparkling altar of Nemelex Xobeh.
   547 | D        | Became a worshipper of Warmaster Okawaru
   556 | D        | Noticed Sonja
   570 | D        | Killed Sonja
   570 | D        | Reached * piety under Okawaru
   571 | D        | Reached skill level 16 in Axes
   571 | D        | Reached skill level 10 in Armour
   571 | D        | Reached skill level 1 in Invocations
   571 | D        | Reached XP level 7. HP: 44/70 MP: 6/6
   775 | D        | Noticed a deep troll
   786 | D        | Slain by a deep troll

Illustrated notes

Levels and vault maps discovered:
D:        dungeon_sprint_1 [red_sonja_temple_1, red_sonja_temple_small_1]

Skill      XL: |  1  2  3  4  5  6 |
---------------+-------------------+-----
Fighting       | 4 6 8 9 |  9.1
Axes           | 6 9 12 16 | 16.0
Armour         | 10 | 10.0
Invocations    | 1 |  1.1
Throwing       | |  2.0
Dodging        | |  3.2

Action                   |  1- 3 |  4- 6 |  7- 9 || total
-------------------------+-------+-------+-------++-------
Melee: War axe           |    10 |    28 |     4 ||    42
       Headbutt          |     5 |     4 |     2 ||    11
Throw: Throwing net      |     2 |     1 |       ||     3
Invok: Heroism           |       |       |     1 ||     1
  Use: Potion            |       |     2 |       ||     2
 Stab: Held in net/web   |     1 |       |       ||     1
Armor: Leather armour    |       |     1 |     1 ||     2
Dodge: Dodged            |       |    15 |     3 ||    18

Table legend: (Time is in decaauts)
 A = Elapsed time spent in this place.
 B = Non-inter-level travel time spent in this place.
 C = Inter-level travel time spent in this place.
 D = Time resting spent in this place.
 E = Time spent auto-exploring this place.
 F = Levels seen in this place.
 G = Mean time per level.
                   A        B        C        D        E       F      G
               +--------+--------+--------+--------+--------+-----+--------+
         Total |    777 |    777 |      0 |    593 |      0 |   1 |  777.0 |
       Dungeon |    777 |    777 |      0 |    593 |      0 |   1 |  777.0 |
               +--------+--------+--------+--------+--------+-----+--------+

Top non-repeatable levels by time:
       D: 777 daAuts
